 Dungeon Crawl Stone Soup version 0.19.1 (webtiles) character file.

2461 shmeve the Cleaver (level 9, -3/82 HPs)
             Began as a Minotaur Berserker on Dec 1, 2016.
             Was an Elder of Trog.
             Slain by a troll (7 damage)
             ... on level 9 of the Dungeon.
             The game lasted 00:12:38 (6629 turns).

shmeve the Cleaver (Minotaur Berserker)             Turns: 6629, Time: 00:12:39

Health: -3/82      AC: 11    Str: 25    XL:     9   Next: 26%
Magic:  8/8        EV: 10    Int:  4    God:    Trog [****..]
Gold:   266        SH:  0    Dex: 10    Spells: 0 memorised, 8 levels left

rFire  . . .     SeeInvis .     y - -1 executioner's axe
rCold  . . .     Gourm    .     l - +0 chain mail
rNeg   . . .     Faith    +     (shield currently unavailable)
rPois  .         Spirit   .     (helmet restricted)
rElec  .         Reflect  .     A - +0 cloak
rCorr  .         Harm     .     (no gloves)
MR     +....                    (no boots)
Stlth  ..........               w - amulet of faith
                                (no ring)
                                x - ring of protection from magic

@: no status effects
A: retaliatory headbutt, horns 2
a: Berserk, Trog's Hand, Brothers in Arms, Burn Spellbooks, Renounce Religion


You were on level 9 of the Dungeon.
You worshipped Trog.
Trog was greatly pleased with you.
You were not hungry.

You visited 1 branch of the dungeon, and saw 9 of its levels.

You collected 331 gold pieces.
You spent 65 gold pieces at shops.

Inventory:

Hand Weapons
 n - a +0 war axe
 y - a -1 executioner's axe (weapon)
 P - a +0 broad axe
Missiles
 t - 8 poisoned tomahawks (quivered)
 L - a throwing net
Armour
 l - a +0 chain mail (worn)
 A - a +0 cloak (worn)
 O - a +0 buckler
Jewellery
 w - an amulet of faith (around neck)
 x - a ring of protection from magic (left hand)
Wands
 s - a wand of lightning (11/15)
 z - a wand of acid (10/15)
 B - a wand of heal wounds (6/9)
 G - a wand of digging (14/24)
 J - a wand of iceblast (6/15)
 Q - a wand of flame (7/48)
Scrolls
 b - 4 scrolls of remove curse {unknown}
 e - 5 scrolls of enchant armour {unknown}
 h - 2 scrolls of magic mapping {unknown}
 j - 4 scrolls of random uselessness {unknown}
 o - 9 scrolls of identify
 q - a scroll of fog {unknown}
 r - a scroll of amnesia {unknown}
 u - 3 scrolls of enchant weapon {unknown}
 D - a scroll of noise {unknown}
 M - a scroll of teleportation
 N - a scroll of summoning {unknown}
 R - a scroll of holy word {unknown}
Potions
 a - 4 potions of ambrosia {unknown}
 d - 3 potions of curing {unknown}
 g - 2 potions of resistance {unknown}
 k - 4 potions of heal wounds {unknown}
 m - 2 potions of flight {unknown}
 p - 2 potions of degeneration {unknown}
 v - 2 potions of berserk rage {unknown}
 E - a potion of beneficial mutation {unknown}
 F - a potion of might {unknown}
 H - a potion of haste {unknown}
 I - a potion of brilliance {unknown}
Comestibles
 c - 7 bread rations
 f - 2 slices of pizza
 i - 7 meat rations
 C - 11 beef jerkies
 K - a chunk of flesh


   Skills:
 - Level 8.5 Fighting
 - Level 8.9 Axes
 - Level 4.5 Throwing
 - Level 5.9 Armour
 - Level 5.9 Dodging
 + Level 0.8 Shields


You had 8 spell levels left.
You didn't know any spells.

Dungeon Overview and Level Annotations

Branches:
Dungeon (9/15)             Temple (0/1) D:6
   Lair: D:8-11         Orc: D:9-12

Altars:
Ashenzari
Dithmenos
Fedhas
Gozag
Hepliaklqana
Kikubaaqudgha
Makhleb
Trog
Uskayaw

Shops:
D:8 ?


Innate Abilities, Weirdness & Mutations

You reflexively headbutt those who attack you in melee.
You have a pair of horns on your head.


Message History

The troll bites you! The troll barely misses you. The troll claws you!
* * * LOW HITPOINT WARNING * * *
You slice the troll!!
The troll is heavily wounded.
The troll bites you but does no damage. The troll barely misses you. x2
You hit the troll.
The troll is heavily wounded.
The troll closely misses you. You furiously retaliate!
You headbutt the troll! The troll claws you.
* * * LOW HITPOINT WARNING * * *
The troll barely misses you. The troll closely misses you. The troll claws you.
* * * LOW HITPOINT WARNING * * *
The troll claws you.
* * * LOW HITPOINT WARNING * * *
You slash the troll!
The troll is almost dead.
The troll bites you.
* * * LOW HITPOINT WARNING * * *
The troll claws you!
You die...

................'......
#.####.........# ....... #.#
#......#### .......
#.####......#####.......
........................
#.####.#####............
#.####.# #.........#
.......# #...†.T...#
#.##(#.### #...[@....#
#.##.#...# #.....[...#
#......#.# #.........#
####.#.#.# #.........#
#.#.#.# #.........# #.#.#.#
#.........# ####.#.#.#
#..[......#
.......#.###################
...........................#


You could see a troll.

Vanquished Creatures
  Sigmund (D:4)
  Menkaure (D:7)
  A phantom (D:4)
  6 ogres
  5 scorpions
  2 vampire bats (D:5)
  3 wights (D:7)
  2 crimson imps
  A jelly (D:8)
  A quasit (D:7)
  A hound (D:5)
  4 orc priests
  Crazy Yiuf (D:7)
  6 orc wizards
  Terence (D:2)
  2 iguanas
  Natasha (thrice) (D:2)
  6 worker ants
  A killer bee zombie (D:8)
  2 hound zombies (D:6)
  8 gnolls
  14 adders
  A shadow imp (D:7)
  An adder zombie (D:5)
  2 adder skeletons
  3 worms
  5 leopard geckos
  13 orcs
  2 bat skeletons (D:5)
  3 bat zombies (D:5)
  6 giant cockroaches
  4 goblins
  7 hobgoblins
  8 jackals
  3 quokkas
  7 bats
  9 frilled lizards
  8 kobolds
  A leopard gecko skeleton (D:6)
  4 rats
  A fungus (D:4)
160 creatures vanquished.

Notes
Turn   | Place    | Note
-------+----------+-------------------------------------------
     0 | D:1      | shmeve the Minotaur Berserker began the quest for the Orb.
     0 | D:1      | Reached XP level 1. HP: 19/19 MP: 0/0
   415 | D:1      | Reached XP level 2. HP: 25/27 MP: 1/1
   774 | D:2      | Found a shattered altar of Ashenzari.
   855 | D:2      | Noticed Natasha
   859 | D:2      | Killed Natasha
   859 | D:2      | Reached skill level 1 in Throwing
   859 | D:2      | Reached XP level 3. HP: 26/33 MP: 2/2
   862 | D:2      | Noticed Natasha
   867 | D:2      | Killed Natasha
   867 | D:2      | Reached XP level 4. HP: 33/40 MP: 3/3
   960 | D:2      | Noticed Natasha
   962 | D:2      | Noticed Terence
   967 | D:2      | Killed Natasha
   968 | D:2      | Reached ** piety under Trog
   978 | D:2      | Killed Terence
  1375 | D:3      | Reached XP level 5. HP: 46/47 MP: 4/4
  1414 | D:3      | Reached skill level 5 in Fighting
  1624 | D:3      | Found an opulent altar of Gozag.
  1663 | D:3      | Found a burning altar of Makhleb.
  1680 | D:3      | Reached skill level 5 in Axes
  2216 | D:4      | Noticed Sigmund
  2220 | D:4      | Reached XP level 6. HP: 36/56 MP: 5/5
  2224 | D:4      | Killed Sigmund
  2470 | D:4      | Reached XP level 7. HP: 43/63 MP: 6/6
  2518 | D:4      | Found a hazy altar of Hepliaklqana.
  2533 | D:4      | Found a hide-covered altar of Uskayaw.
  2887 | D:4      | Reached *** piety under Trog
  3341 | D:5      | Entered Level 5 of the Dungeon
  3378 | D:5      | Reached XP level 8. HP: 63/71 MP: 7/7
  3544 | D:5      | Found an ancient bone altar of Kikubaaqudgha.
  3646 | D:5      | Reached **** piety under Trog
  3760 | D:5      | Reached skill level 5 in Armour
  3762 | D:5      | Reached skill level 5 in Dodging
  4379 | D:6      | Found a staircase to the Ecumenical Temple.
  4744 | D:7      | Noticed Menkaure
  4750 | D:7      | Killed Menkaure
  4763 | D:7      | Received a gift from Trog
  4838 | D:7      | Found a bloodstained altar of Trog.
  4945 | D:7      | Reached XP level 9. HP: 79/81 MP: 8/8
  4977 | D:7      | Found a runed door.
  5029 | D:7      | Received a gift from Trog
  5061 | D:7      | Found a blossoming altar of Fedhas.
  5062 | D:7      | Found a burning altar of Makhleb.
  5444 | D:7      | Noticed Crazy Yiuf
  5450 | D:7      | Killed Crazy Yiuf
  5970 | D:8      | Found Hejih's Magic Scroll Boutique.
  5976 | D:8      | Bought a scroll of teleportation for 39 gold pieces
  5976 | D:8      | Bought a scroll of identify for 26 gold pieces
  6452 | D:9      | Found a shadowy altar of Dithmenos.
  6619 | D:9      | Noticed a troll
  6629 | D:9      | HP: 4/82 [troll (6)]
  6629 | D:9      | Slain by a troll

Skill      XL: |  1  2  3  4  5  6  7  8 |
---------------+-------------------------+-----
Axes           | 4 5 6 8 |  8.9
Fighting       | 4 5 6 8 |  8.5
Throwing       | 1 2 3 4 |  4.5
Armour         | 3 4 5 |  5.9
Dodging        | 3 4 5 |  5.9
Shields        | |  0.8

Action                   |  1- 3 |  4- 6 |  7- 9 || total
-------------------------+-------+-------+-------++-------
Melee: Hand axe          |    40 |     3 |       ||    43
       Headbutt          |     6 |    15 |    44 ||    65
       War axe           |       |    83 |    53 ||   136
       Executioner's axe |       |       |   180 ||   180
Throw: Tomahawk          |       |     5 |     7 ||    12
Invok: Trog's Hand       |       |     1 |       ||     1
       Berserk           |       |       |     1 ||     1
  Eat: Chunk             |       |     5 |    15 ||    20
Armor: Animal skin       |     2 |       |       ||     2
       Chain mail        |     6 |    69 |   211 ||   286
Dodge: Dodged            |    24 |    49 |   239 ||   312
